 Dungeon Crawl Stone Soup version 0.27.1-3-gb3d3a73c9e (webtiles) character file.

Game seed: 4317265318673886282

116 Urokeeper the Covered (level 5, 0/33 HPs)
             Began as a Gargoyle Fighter on Oct 8, 2021.
             Slain by an orc wizard (4 damage)
             ... on level 4 of the Dungeon.
             The game lasted 00:10:58 (2439 turns).

Urokeeper the Covered (Gargoyle Fighter)            Turns: 2439, Time: 00:10:59

Health: 0/33       AC: 13    Str: 20    XL:     5   Next: 1%
Magic:  5/5        EV:  5    Int:  9    God:
Gold:   149        SH:  9    Dex:  9    Spells: 4/4 levels left

rFire    . . .     SeeInvis .   a - +0 flail
rCold    . . .     Faith    .   c - +0 kite shield
rNeg     + . .     Spirit   .   i - +0 chain mail
rPois    ∞         Reflect  .   (no helmet)
rElec    +         Harm     .   (no cloak)
rCorr    .         Rampage  .   (no gloves)
Will     .....                  (no boots)
Stlth    ..........             (no amulet)
HPRegen  0.11/turn              (no ring)
MPRegen  0.09/turn              (no ring)

@: mighty
A: sickness immunity, AC +4, negative energy resistance 1, electricity
resistance, torment resistance 1, petrification resistance
a: no special abilities


You were on level 4 of the Dungeon.
You visited 1 branch of the dungeon, and saw 4 of its levels.

You collected 149 gold pieces.

Inventory:

Hand Weapons
 a - a +0 flail (weapon)
Armour
 b - a +0 scale mail
 c - a +0 kite shield (worn)
 i - a +0 chain mail (worn)
Scrolls
 f - a scroll of fog
 g - 3 scrolls of enchant armour {unknown}
 h - a scroll of torment
 k - a scroll of vulnerability {unknown}
 l - a scroll of immolation {unknown}
Potions
 e - a potion of degeneration {unknown}
 j - a potion of brilliance {unknown}


   Skills:
 + Level 4.0 Fighting
 * Level 3.4 Maces & Flails
 + Level 4.0 Armour
 + Level 3.9 Shields


You had 4 spell levels left.
You didn't know any spells.
Your spell library was empty.

Dungeon Overview and Level Annotations

Branches:
Dungeon (4/15)
 Temple: D:4-7

Altars:

Shops:
D:2 =


Innate Abilities, Weirdness & Mutations

You are immune to sickness and miasma.
Your stone body is resilient. (AC +4)
You are immune to poison.
You resist negative energy. (rN+)
You are resistant to electric shocks. (rElec)
You are resistant to unholy torment.
You are immune to petrification.


Message History

The orc wizard hits you with a +0 dagger.
You sock the orc wizard!
The orc wizard is severely wounded.
The orc wizard points at you and mumbles some strange words.
The magic dart hits you but does no damage.
The orc wizard hits you but does no damage.
You miss the orc wizard.
The orc wizard is severely wounded.
The orc wizard hits you with a +0 dagger.
Your shield and chain mail prevent you from hitting the orc wizard.
The orc wizard is severely wounded.
You feel less confused. The orc wizard barely misses you.
The orc wizard mumbles some strange words.
The orc wizard flickers and vanishes!
Deactivating autopickup; reactivate with Ctrl-A.
You closely miss something. Something hits you but does no damage.
You barely miss something. Something hits you but does no damage.
You hit something. Something hits you but does no damage. Something hits you.
You miss something. Something hits you but does no damage.
Your chain mail prevents you from hitting something.
Something hits you. Something completely misses you.
You closely miss something.
You hear some strange, mumbled words.
You are confused.
You bump into the rock wall.
Something hits you but does no damage.
You bump into the rock wall.
Something hits you but does no damage.
You miss something. Something hits you.
You completely miss something. Something hits you but does no damage.
Something hits you.
You closely miss something.
You feel less confused. Something hits you but does no damage.
You closely miss something.
You hear some strange, mumbled words.
A magic dart appears from out of thin air!
The magic dart hits you!
* * * LOW HITPOINT WARNING * * *
Something hits you.
You die...

..# ..# ..# #o# ..#
#.# ..# #.# ..# #S#
... #.# .## #.# .#
################.#
.###..>.........@{oo#
.....################
.##### .# .# ##


You could see 2 orcs.

Vanquished Creatures
  An orc wizard (D:4)
  3 adders
  An adder skeleton (D:4)
  2 worms (D:2)
  A dart slug (D:2)
  5 ball pythons
  2 endoplasms
  2 giant cockroaches
  7 hobgoblins
  4 jackals (D:1)
  5 quokkas
  3 bats
  A frilled lizard (D:1)
  4 goblins
  4 kobolds
  6 rats
51 creatures vanquished.

Notes
Turn   | Place    | Note
-------+----------+-------------------------------------------
     0 | D:1      | Urokeeper the Gargoyle Fighter began the quest for the Orb.
     0 | D:1      | Reached XP level 1. HP: 14/14 MP: 1/1
   145 | D:1      | Found a faded altar of an unknown god.
   241 | D:1      | Reached XP level 2. HP: 17/19 MP: 2/2
   706 | D:1      | Reached XP level 3. HP: 14/23 MP: 3/3
  1307 | D:2      | Found Daes's Jewellery Boutique.
  1845 | D:3      | Reached XP level 4. HP: 29/29 MP: 4/4
  2422 | D:4      | Reached XP level 5. HP: 23/33 MP: 5/5
  2439 | D:4      | Slain by an orc wizard

Illustrated notes

Levels and vault maps discovered:
D:1:      minmay_arrival_arboretum_small, layout_basic,
          ebering_ecumenical_altar_webs, minmay_door_square
D:2:      layout_rooms, serial_shops, nicolae_shop_behind_doors
D:3:      layout_loops_ring, minmay_fractal_squares_5, uniq_robin, uniq_sigmund,
          uniq_crazy_yiuf_cottage
D:4:      layout_loops_ring, minmay_temple_entry_ruins

Skill      XL: |  1  2  3  4 |
---------------+-------------+-----
Maces & Flails | 3 |  3.4
Fighting       | 4 |  4.0
Armour         | 4 |  4.0
Shields        | |  3.9

Action                   |  1- 3 |  4- 6 || total
-------------------------+-------+-------++-------
Melee: Flail             |   151 |    88 ||   239
  Use: Scroll            |     2 |       ||     2
       Potion            |       |     1 ||     1
Armor: Scale mail        |    51 |       ||    51
       Chain mail        |    21 |    52 ||    73
Dodge: Dodged            |    44 |    12 ||    56
Block: Kite shield       |    69 |    37 ||   106
